AoeStats
← Chiripa605

Arena

509682948Analyzed
4v4 RM · 3d ago on Sep 27, 2026· 45m 34s· 8 players
Game mode
Random Map
Map size
Large (8 player)
Population
200
Speed
Normal
Resources
Standard
Victory
Conquest
Starting age
Dark Age
Ending age
Imperial Age
RankedLock teamsTeams togetherTeam positionsShared explorationLock speedFull tech treeHidden civsTurbo modeCheats
Victory
Defeat
🇺🇸 Burmese · United States
1470
+15
🇨🇭 Gurjaras · Switzerland
1461
+15
🇮🇳 Saracens · India
1380
+18
🇧🇷 Khmer · Brazil
1356
+19
🇦🇷 Persians · Argentina
1483
-19
🇧🇷 Vikings · Brazil
1431
-17
🇧🇷 Malay · Brazil
1417
-16
🇨🇴 Koreans · Colombia
1401
-15
[Tunjos]Acordeon
7:11 Loom
9:02 Feudal Age
9:15 Loom
9:39 Double-Bit Axe
11:14 Fletching
19:39 Horse Collar
24:22 Castle Age
23:24 Stone Mining
26:48 Bow Saw
33:15 Wheelbarrow
32:37 Gold Mining
PedrodeMatos
9:55 Feudal Age
13:37 Castle Age
11:35 Double-Bit Axe
19:48 Gold Mining
26:10 Imperial Age
23:26 Loom
23:55 Fletching
24:46 Crossbowman
25:25 Bodkin Arrow
26:55 Ballistics
26:58 Bracer
27:07 Horse Collar
26:56 Arbalester
29:18 Chemistry
29:44 Bogsveigar
30:19 Padded Archer Armor
30:42 Conscription
30:59 Bow Saw
30:52 Heavy Plow
31:42 Leather Archer Armor
31:27 Scale Mail Armor
31:32 Squires
33:07 Ring Archer Armor
35:07 Two-Man Saw
34:26 Chain Mail Armor
34:21 Forging
34:37 Chieftains
34:21 Capped Ram
34:31 Onager
35:26 Masonry
35:22 Siege Engineers
37:06 Plate Mail Armor
37:11 Iron Casting
36:32 Elite Varangian Guard
36:58 Arson
39:26 Pikeman
42:42 Architecture
44:11 Blast Furnace
[LCDR]Hilstinho
9:26 Loom
11:21 Feudal Age
11:15 Loom
14:51 Castle Age
20:57 Scale Barding Armor
24:51 Double-Bit Axe
31:27 Imperial Age
29:11 Forging
29:55 Bow Saw
29:37 Horse Collar
34:29 Conscription
35:24 Husbandry
36:47 Iron Casting
36:33 Light Cavalry
39:09 Elite Battle Elephant
41:09 Fletching
41:19 Padded Archer Armor
41:41 Ballistics
41:27 Elite Skirmisher
Rubio Menemista
9:30 Feudal Age
13:08 Castle Age
12:11 Horse Collar
14:59 Loom
20:01 Fervor
24:17 Double-Bit Axe
26:58 Wheelbarrow
28:31 Scale Barding Armor
31:22 Imperial Age
29:09 Hand Cart
29:36 Chain Barding Armor
29:38 Bow Saw
29:42 Heavy Plow
30:23 Forging
30:28 Gold Mining
31:09 Bloodlines
30:59 Husbandry
31:31 Elite War Elephant
32:35 Conscription
33:36 Plate Barding Armor
34:26 Crop Rotation
37:45 Iron Casting
41:00 Masonry
43:49 Blast Furnace
43:21 Fletching
44:34 Chemistry
45:04 Bodkin Arrow
45:43 Architecture
Guggus3
10:17 Feudal Age
14:09 Castle Age
12:02 Double-Bit Axe
13:32 Horse Collar
15:50 Bow Saw
20:40 Wheelbarrow
21:25 Stone Mining
21:40 Heavy Plow
27:04 Imperial Age
25:14 Forging
25:11 Gold Mining
26:33 Stone Shaft Mining
27:00 Iron Casting
27:11 Kshatriyas
28:01 Scale Mail Armor
29:52 Chemistry
30:58 Conscription
32:58 Hand Cart
32:29 Loom
33:17 Chain Mail Armor
33:35 Elite Chakram Thrower
35:38 Gold Shaft Mining
37:32 Bloodlines
37:22 Husbandry
37:53 Plate Mail Armor
41:23 Arson
Chiripa605
10:49 Feudal Age
9:40 Loom
12:38 Wheelbarrow
14:11 Fletching
23:22 Castle Age
21:46 Horse Collar
24:55 Atonement
25:20 Sanctity
27:37 Redemption
28:28 Wheelbarrow
31:11 Bodkin Arrow
31:23 Gold Mining
38:36 Imperial Age
36:40 Fervor
39:12 Squires
38:33 Pikeman
39:17 Scale Mail Armor
39:34 Block Printing
39:49 Illumination
40:20 Chain Mail Armor
39:51 Halberdier
42:13 Plate Mail Armor
41:53 Forging
41:52 Capped Ram
43:01 Gambesons
42:36 Man-at-Arms
42:45 Man-at-Arms
43:51 Conscription
43:27 Long Swordsman
45:32 Iron Casting
44:59 Two-Handed Swordsman
lucaspeixoto2584
11:44 Feudal Age
14:44 Castle Age
13:33 Horse Collar
13:40 Double-Bit Axe
15:17 Bloodlines
15:50 Heavy Plow
16:40 Forging
21:58 Bow Saw
24:40 Husbandry
29:03 Iron Casting
29:09 Light Cavalry
30:54 Coinage
34:17 Imperial Age
31:32 Loom
33:05 Scale Barding Armor
34:23 Chain Barding Armor
35:00 Wheelbarrow
34:11 Town Watch
34:38 Caravan
36:35 Blast Furnace
35:36 Hussar
37:47 Banking
37:20 Pikeman
37:45 Arson
38:03 Scale Mail Armor
38:08 Capped Ram
38:25 Halberdier
39:37 Conscription
39:23 Siege Ram
42:39 Ballistics
43:20 Chemistry
NUR
10:14 Feudal Age
11:15 Double-Bit Axe
13:58 Castle Age
12:17 Horse Collar
14:19 Wheelbarrow
15:12 Bow Saw
16:27 Hand Cart
19:58 Stone Mining
23:31 Heavy Plow
24:54 Gold Mining
26:59 Gold Shaft Mining
30:01 Imperial Age
28:43 Bimaristan
29:29 Husbandry
29:54 Bloodlines
29:41 Loom
29:41 Town Watch
30:08 Forging
30:03 Scale Barding Armor
30:03 Elite Mameluke
31:05 Conscription
31:39 Hoardings
31:44 Iron Casting
32:12 Chain Barding Armor
31:37 Light Cavalry
33:16 Coinage
34:02 Blast Furnace
34:17 Counterweights
35:17 Plate Barding Armor
35:02 Masonry
34:58 Siege Engineers
35:56 Chemistry
35:16 Ballistics
35:02 Siege Engineers
35:46 Fletching
37:18 Banking
40:45 Bodkin Arrow
41:01 Caravan
Connection lost

Rejoining the realm…

Still unreachable

The connection could not be restored.

Session expired

The server has moved on; the page needs a fresh start.